 Dungeon Crawl Stone Soup version 0.29-a0-1033-gb6c65ffae6 (webtiles) character file.

Game seed: 5396968414291754054

6 Zonian the Grave Robber (level 1, 0/13 HPs)
             Began as a Demonspawn Necromancer on Aug 14, 2022.
             Slain by a kobold
             ... wielding a +1 whip of electrocution
              (5 damage)
             ... on level 1 of the Dungeon.
             The game lasted 00:00:30 (323 turns).

Zonian the Grave Robber (Demonspawn Necromancer)     Turns: 323, Time: 00:00:30

Health: 0/13       AC:  2    Str:  8    XL:     1   Next: 75%
Magic:  2/3        EV: 12    Int: 16    God:
Gold:   12         SH:  0    Dex: 13    Spells: 3/4 levels left

rFire   . . .      SeeInvis .   c - +0 whip (venom)
rCold   . . .      Faith    .   (no shield)
rNeg    . . .      Spirit   .   a - +0 robe
rPois   .          Reflect  .   (no helmet)
rElec   .          Harm     .   (no cloak)
rCorr   .          Rampage  .   (no gloves)
Will    .....                   (no boots)
Stlth   ++........              (no amulet)
HPRegen 0.04/turn               (no ring)
MPRegen 0.08/turn               (no ring)

@: no status effects
A: no striking features
a: no special abilities


You were on level 1 of the Dungeon.
You visited 1 branch of the dungeon, and saw 1 of its levels.

You collected 12 gold pieces.

Inventory:

Hand Weapons
 c - a +0 whip of venom (weapon)
Missiles
 d - 2 boomerangs
Armour
 a - a +0 robe (worn)
Scrolls
 e - a scroll of blinking {unknown}
Potions
 b - a potion of magic
 f - a potion of heal wounds {unknown}


   Skills:
 + Level 1.9 Dodging
 + Level 1.9 Stealth
 + Level 2.1 Spellcasting
 + Level 4.4 Necromancy


You had 3 spell levels left.
You knew the following spells:

 Your Spells              Type           Power      Damage    Failure   Level
a - Necrotise             Necr           64%        1d7       3%          1

Your spell library contained the following spells:

 Spells                   Type           Power      Damage    Failure   Level
 Vampiric Draining        Necr           16%        2d7       10%         3
 Animate Dead             Necr           16%        N/A       32%         4
 Agony                    Necr           16%        N/A       65%         5


Dungeon Overview and Level Annotations

Branches:
Dungeon (1/15)

Altars:


Message History

The ball python bites you but does no damage.
The ball python grabs you. The ball python constricts you.
You hit the ball python.
You kill the ball python!
No target in view!
No target in view!
HP restored.
f - a clear potion You now have 12 gold pieces.
A kobold comes into view. It is wielding a +0 club.
Unknown command.
The kobold shouts!
You barely miss the kobold. The kobold hits you but does no damage.
You closely miss the kobold. The kobold closely misses you.
You barely miss the kobold. The kobold misses you.
The kobold writhes in agony!
You kill the kobold!
The dead are walking!
You can't see any susceptible monsters within range! (Use Z to cast anyway.) Unknown command.
You swap places.
You see here a +0 club.
A kobold comes into view.
It is wielding a +1 whip of electrocution.
Your kobold skeleton crumbles into dust!
A kobold is nearby!
Unknown command.
You closely miss the kobold.
The kobold hits you with a +1 whip of electrocution. x2
You are too injured to fight recklessly!
You are too injured to fight recklessly!
You are too injured to fight recklessly!
Unknown command.
Casting: Necrotise (safe; 3% risk of failure)
Confirm with . or Enter, or press ? or * to list all spells.
Aiming: Necrotise (safe; 3% risk of failure)
Press: ? - help, Shift-Dir - straight line, f - kobold
Aim: a kobold, wielding a +1 whip of electrocution (chance to affect: 86%)
The kobold writhes in agony.
The kobold hits you with a +1 whip of electrocution.
You die...

#8. #.⌠ .8. #.# #.# ###
#.##### #.# ##.##
#......##.#########...##
#K@..........)....#
####.#########...## #.#
##.## #.# #.# ..# #.#
### ######.# #......#
#.###### #.#


You could see a kobold.

Vanquished Creatures
  A ball python (D:1)
  2 kobolds (D:1)
  A quokka (D:1)
  A rat (D:1)
5 creatures vanquished.

Notes
Turn   | Place    | Note
-------+----------+-------------------------------------------
     0 | D:1      | Zonian the Demonspawn Necromancer began the quest for the
                  | Orb.
     0 | D:1      | Reached XP level 1. HP: 13/13 MP: 3/3
   323 | D:1      | Slain by a kobold

Illustrated notes

Levels and vault maps discovered:
D:1:      minmay_arrival_jagged, layout_loops_ring, serial_shops,
          nicolae_shop_temple_entry_statues_fountains,
          dilly_ecumenical_altar_fadedgnrine

Action                   || total
-------------------------++-------
Melee: Whip              ||     5
 Cast: Necrotise         ||     7
  Use: Scroll            ||     1
Armor: Robe              ||     2
Dodge: Dodged            ||     2

Table legend: (Time is in decaauts)
 A = Elapsed time spent in this place.
 B = Non-inter-level travel time spent in this place.
 C = Inter-level travel time spent in this place.
 D = Time resting spent in this place.
 E = Time spent auto-exploring this place.
 F = Levels seen in this place.
 G = Mean time per level.
                   A        B        C        D        E       F      G
               +--------+--------+--------+--------+--------+-----+--------+
         Total |    323 |    323 |      0 |      0 |    271 |   1 |  323.0 |
       Dungeon |    323 |    323 |      0 |      0 |    271 |   1 |  323.0 |
               +--------+--------+--------+--------+--------+-----+--------+

Top non-repeatable levels by time:
     D:1: 323 daAuts
